 Dungeon Crawl Stone Soup version 0.21.1-1-g345015fe64 (webtiles) character file.

623 RepoMan the Insei (level 7, -5/57 HPs)
             Began as a Black Draconian Transmuter on July 7, 2018.
             Killed themself with a bounced orb of electricity (7 damage)
             ... on level 5 of the Dungeon.
             The game lasted 00:25:17 (5445 turns).

RepoMan the Insei (Black Draconian Transmuter)      Turns: 5445, Time: 00:25:18

Health: -5/57      AC:  6    Str: 13    XL:     7   Next: 22%
Magic:  10/12      EV: 12    Int: 17    God:
Gold:   27         SH:  0    Dex: 13    Spells: 6/12 levels left

rFire    . . .     SeeInvis .     - Unarmed
rCold    . . .     Gourm    .   (no shield)
rNeg     . . .     Faith    .   (armour unavailable)
rPois    .         Spirit   .   (helmet restricted)
rElec    +         Reflect  .   (no cloak)
rCorr    .         Harm     .   (no gloves)
MR       .....                  (no boots)
Stlth    +.........             (no amulet)
HPRegen  0.19/turn              f - +4 ring of intelligence
MPRegen  0.13/turn              (no ring)

@: no status effects
A: breathe lightning, unfitting armour, electricity resistance, cold-blooded, AC
+6
a: Breathe Lightning


You were on level 5 of the Dungeon.
You were hungry.

You visited 1 branch of the dungeon, and saw 5 of its levels.
You also visited: Sewer.

You collected 202 gold pieces.
You spent 175 gold pieces at shops.

Inventory:

Missiles
 a - 36 arrows
Magical Staves
 p - an uncursed staff of death {unknown}
Jewellery
 f - a +4 ring of intelligence (left hand)
Wands
 k - a wand of flame (15)
Scrolls
 h - 2 scrolls of remove curse
 i - 5 scrolls of identify
 j - 3 scrolls of teleportation
 m - 2 scrolls of magic mapping
 n - a scroll of fog
 r - a scroll of amnesia
Potions
 e - a potion of berserk rage {unknown}
 g - 2 potions of brilliance {unknown}
 l - a potion of invisibility {unknown}
 o - a potion of ambrosia {unknown}
 q - a potion of haste {unknown}
Books
 b - a book of Changes

   Spells                             Type                      Level
   a - Beastly Appendage              Transmutation                1
   b - Sticks to Snakes               Transmutation                2
   c - Spider Form                    Transmutation/Poison         3
   d - Ice Form                       Ice/Transmutation            4
   e - Blade Hands                    Transmutation                5
Comestibles
 c - 3 rations
 d - 5 chunks of flesh


   Skills:
 + Level 3.2 Fighting
 + Level 2.3 Dodging
 * Level 5.3 Unarmed Combat
 + Level 3.3 Spellcasting
 * Level 4.8 Transmutations


You had 6 spell levels left.
You knew the following spells:

 Your Spells              Type           Power        Failure   Level  Hunger
a - Beastly Appendage     Tmut           ###...       2%          1    None
c - Spider Form           Tmut/Pois      ##........   19%         3    ###....
v - Sticks to Snakes      Tmut           ###.....     3%          2    ##.....


Dungeon Overview and Level Annotations

Branches:
Dungeon (5/15)
 Temple: D:4-7

Altars:
Ashenzari
Cheibriados
Elyvilon
Uskayaw
The Shining One

Shops:
D:4 (?

Annotations:
D:3 Teps's ghost, amateur HOMo
D:5 tidbits's ghost, amateur GnNe


Innate Abilities, Weirdness & Mutations

You can breathe wild blasts of lightning.
Your glossy black scales are hard. (AC +6)
You cannot fit into any form of body armour.
You are resistant to electric shocks. (rElec)
You are cold-blooded and may be slowed by cold attacks.


Message History

You closely miss tidbits's ghost.
Tidbits's ghost is heavily damaged.
Tidbits's ghost is infused with unholy energy.
* * * LOW HITPOINT WARNING * * *
Tidbits's ghost draws life force from you and is healed!
Okay, then.
Okay, then.
Your transformation has ended.
Tidbits's ghost barely misses you.
Tidbits's ghost mumbles some strange words.
Tidbits's ghost's wounds begin to heal before your eyes!
You breathe a wild blast of lightning!
You hear a mighty clap of thunder!
The bolt of lightning hits you! You resist.
* * * LOW HITPOINT WARNING * * *
The bolt of lightning misses you.
You hear a mighty clap of thunder!
The orb of electricity explodes!
The orb of electricity engulfs you! You resist.
You die...

.....####.#####.#
#..#####.##
#.........#
#......#..#
#<###..#..# #.
#..#..# #.
#..#..#
#.###..#..##
#...@........
#.W###.##.###
#...##.# #
.....##.# ###.(.#
.# ....( ..
......... #......
#.$.###.


You could see tidbits's ghost.

Vanquished Creatures
  A crocodile (Sewer)
  A scorpion (D:4)
  A jelly (D:5)
  3 orc priests
  4 orc wizards
  A killer bee zombie (D:5)
  2 worker ants
  A worker ant zombie (D:5)
  5 adders
  A shadow imp (D:5)
  3 worms
  3 dart slugs
  9 leopard geckos
  14 orcs
  8 giant cockroaches
  7 hobgoblins
  12 jackals (D:2)
  A ball python (D:2)
  6 bats
  6 goblins
  5 kobolds
  9 rats
103 creatures vanquished.

Vanquished Creatures (collateral kills)
  A worker ant (D:2)
  An orc (D:3)
2 creatures vanquished.

Vanquished Creatures (others)
  Menkaure (D:4)
1 creature vanquished.

Grand Total: 106 creatures vanquished

Notes
Turn   | Place    | Note
-------+----------+-------------------------------------------
     0 | D:1      | RepoMan the Draconian Transmuter began the quest for the Orb.
     0 | D:1      | Reached XP level 1. HP: 16/16 MP: 3/3
    12 | D:1      | Noticed a swamp worm
    12 | D:1      | Noticed a rime drake
    12 | D:1      | Noticed a salamander
    12 | D:1      | Noticed a hound
   334 | D:1      | Reached XP level 2. HP: 12/23 MP: 3/5
   338 | D:1      | Learned a level 2 spell: Sticks to Snakes
   870 | D:2      | Found a hide-covered altar of Uskayaw.
   870 | D:2      | Noticed a hand axe
   896 | D:2      | Found a shattered altar of Ashenzari.
  1014 | D:2      | Reached XP level 3. HP: 25/28 MP: 3/6
  1181 | D:2      | Learned a level 3 spell: Spider Form
  1322 | D:2      | Found a white marble altar of Elyvilon.
  1453 | D:2      | Noticed a hand axe
  1507 | D:2      | Reached XP level 4. HP: 16/36 MP: 2/7
  2191 | D:2      | Reached skill level 4 in Unarmed Combat
  2359 | D:3      | Noticed Teps's ghost (amateur HOMo)
  2468 | D:3      | Reached XP level 5. HP: 40/41 MP: 6/8
  2707 | D:3      | Found a glowing drain.
  2750 | Sewer    | Entered a sewer
  2854 | Sewer    | Noticed a crocodile
  2885 | Sewer    | Killed a crocodile
  2885 | Sewer    | Reached XP level 6. HP: 15/50 MP: 0/10
  3387 | D:4      | Killed Menkaure
  3967 | D:4      | Found Nodghimy's Antique Weapon Emporium.
  4208 | D:4      | Found a glowing golden altar of the Shining One.
  4913 | D:4      | Found Dypod's Magic Scroll Shoppe.
  4918 | D:4      | Bought a scroll of identify for 28 gold pieces
  4918 | D:4      | Bought a scroll of fog for 28 gold pieces
  4918 | D:4      | Bought a scroll of teleportation for 42 gold pieces
  4918 | D:4      | Bought a scroll of magic mapping for 49 gold pieces
  4918 | D:4      | Bought a scroll of identify for 28 gold pieces
  5038 | D:4      | Reached skill level 5 in Unarmed Combat
  5073 | D:5      | Entered Level 5 of the Dungeon
  5098 | D:5      | Your scales start taking on a glossy black colour.
  5098 | D:5      | Reached XP level 7. HP: 57/57 MP: 11/11
  5098 | D:5      | Gained mutation: You are resistant to electric shocks. (rElec) [Black Draconian growth]
  5172 | D:5      | Found a snail-covered altar of Cheibriados.
  5431 | D:5      | Noticed tidbits's ghost (amateur GnNe)
  5445 | D:5      | HP: 2/57 [bounced beam (7)]
  5445 | D:5      | Killed themself with a bounced orb of electricity

Skill      XL: |  1  2  3  4  5  6 |
---------------+-------------------+-----
Transmutations | 3 4 |  4.8
Fighting       | 2 3 |  3.2
Unarmed Combat | 4 5 |  5.3
Spellcasting   | 3 |  3.3
Dodging        | 2 |  2.3

Action                   |  1- 3 |  4- 6 |  7- 9 || total
-------------------------+-------+-------+-------++-------
Melee: Unarmed           |   124 |   204 |    53 ||   381
       Kick              |    11 |    20 |       ||    31
       Tailslap          |     9 |    14 |     7 ||    30
       Headbutt          |     7 |    11 |     4 ||    22
       Punch             |     1 |     3 |       ||     4
Throw: Throwing net      |       |     1 |       ||     1
 Cast: Beastly Appendage |    21 |    29 |     3 ||    53
       Sticks to Snakes  |     1 |     2 |       ||     3
       Spider Form       |       |     4 |     2 ||     6
 Abil: Breathe Lightning |       |       |     1 ||     1
       End Transformatio |       |       |     1 ||     1
Evoke: Wand              |       |    15 |       ||    15
  Use: Potion            |       |     5 |       ||     5
       Scroll            |       |     8 |       ||     8
 Stab: Held in net/web   |       |     1 |       ||     1
  Eat: Chunk             |     2 |    10 |     1 ||    13
       Ration            |       |     1 |       ||     1
Armor: Skin              |    35 |    63 |     6 ||   104
Dodge: Dodged            |    57 |   138 |    34 ||   229
